 Dungeon Crawl Stone Soup version 0.26.1-2-gb8aa6d0cf2 (webtiles) character file.

Game seed: 12737576355151584568

13338 dohliylev the Severer (level 11, -1/102 HPs)
             Began as a Minotaur Berserker on Mar 25, 2021.
             Was a High Priest of Trog.
             Slain by Sonja
             ... wielding a +2 short sword of distortion
              (13 damage)
             ... on level 2 of the Orcish Mines.
             The game lasted 00:27:04 (9527 turns).

dohliylev the Severer (Minotaur Berserker)          Turns: 9527, Time: 00:27:05

Health: -1/102     AC: 24    Str: 26    XL:     11   Next: 74%
Magic:  10/10      EV: 13    Int:  4    God:    Trog [*****.]
Gold:   949        SH:  4    Dex:  9    Spells: 10/10 levels left

rFire    + . .     SeeInvis .   y - +1 hand axe (vamp)
rCold    . . .     Faith    .   m - +0 buckler
rNeg     . . .     Spirit   .   g - +0 plate armour
rPois    +         Reflect  .   (helmet restricted)
rElec    .         Harm     .   A - +2 cloak {rPois}
rCorr    .         Rampage  .   n - +1 pair of gloves
Will     .....                  (no boots)
Stlth    ..........             F - amulet of Pirol {+Blink rF+ Regen+}
HPRegen  0.67/turn              l - +4 ring of protection
MPRegen  0.12/turn              s - +4 ring of evasion

@: berserk cooldown, slowed, very slow
A: retaliatory headbutt, horns 2
a: Renounce Religion, Evoke Blink, Berserk, Trog's Hand, Brothers in Arms


You were on level 2 of the Orcish Mines.
You worshipped Trog.
Trog was extremely pleased with you.
You visited 3 branches of the dungeon, and saw 14 of its levels.

You collected 949 gold pieces.

Inventory:

Hand Weapons
 a - a +2 war axe of flaming
 p - a +2 war axe of freezing
 y - a +1 vampiric hand axe (weapon)
 I - a +1 antimagic broad axe
Armour
 g - a +0 plate armour (worn)
 m - a +0 buckler (worn)
 n - a +1 pair of gloves (worn)
 A - a +2 cloak of poison resistance (worn)
 C - a +1 chain mail of fire resistance
Jewellery
 e - an uncursed ring of poison resistance
 i - an uncursed ring of resist corrosion
 l - a +4 ring of protection (left hand)
 s - a +4 ring of evasion (right hand)
 u - an uncursed ring of positive energy
 D - an uncursed ring of see invisible
 F - the amulet of Pirol (around neck) {+Blink rF+ Regen+}
   (You found it on level 6 of the Dungeon)

   [amulet of regeneration]

   It protects you from fire.
   It lets you blink.
   It increases your rate of regeneration.
 J - an uncursed ring of magical power {unknown}
 K - an uncursed ring of positive energy
 M - an uncursed amulet of reflection {unknown}
Wands
 G - a wand of flame (19)
Scrolls
 b - a scroll of identify
 c - 4 scrolls of teleportation
 d - 7 scrolls of remove curse
 f - a scroll of magic mapping
 k - 3 scrolls of blinking
 q - 7 scrolls of enchant weapon
 x - 4 scrolls of enchant armour
 H - a scroll of fear
Potions
 h - 5 potions of curing
 j - a potion of berserk rage {unknown}
 o - 2 potions of might {unknown}
 t - 2 potions of ambrosia {unknown}
 v - 4 potions of degeneration {unknown}
 w - 2 potions of resistance {unknown}
 z - 2 potions of haste {unknown}
 B - a potion of invisibility
 E - 2 potions of flight {unknown}
 L - a potion of lignification {unknown}


   Skills:
 + Level 11.1 Fighting
 + Level 15.8 Axes
 + Level 10.8 Armour
 + Level 3.8 Dodging
 + Level 2.9 Shields


You had 10 spell levels left.
You didn't know any spells.
Your spell library was empty.

Dungeon Overview and Level Annotations

Branches:
Dungeon (11/15)            Temple (0/1) D:6            Lair (0/6) D:11
    Orc (2/2) D:11            Elf (1/3) Orc:2

Altars:
Ashenzari
Cheibriados
Gozag
Hepliaklqana
Kikubaaqudgha
Makhleb
Nemelex Xobeh
Qazlal

Shops:
D:6 (   D:9 :   D:11 }   Orc:1 !   Orc:2 :

Annotations:
Orc:1 1 transporter
Orc:2 Sonja


Innate Abilities, Weirdness & Mutations

You reflexively headbutt those who attack you in melee.
You have a pair of horns on your head.


Message History

The orc priest begins to cast a cantrip, but forgets the words!
Sonja mumbles some strange words.
Sonja blinks!
You block the orc's attack. The orc hits you but does no damage.
You feel sick.
You are no longer poisoned.
The orc priest barely misses you. You block Sonja's attack.
Sonja hits you but does no damage. Space warps horribly around you!
Sonja hits you but does no damage. Space warps horribly around you!!
* * * LOW HITPOINT WARNING * * *
The orc barely misses you.
The orc priest hits you but does no damage.
Sonja hits you with a +2 short sword of distortion.
* * * LOW HITPOINT WARNING * * *
Space bends around you.
* * * LOW HITPOINT WARNING * * *
Sonja hits you but does no damage. Space bends around you.
* * * LOW HITPOINT WARNING * * *
Sonja hits you but does no damage. Space warps horribly around you!
You die...

*,,,,,,,,**#..,#..............
**,,,,,,,**....###.....#......
*****,****...ยง.###.....(((...
*** *#.....#....(.......
**,#.#...((........
####...............
##.#................
##...Ko..............
#.^.@..#............#
##...o..............#
####>...........#...
##.#............,
*#.#........,,,,,
*......#....,,,**
##.##.##*#.#,**** ###*## **#**


You could see Sonja, an orc priest and an orc.

Vanquished Creatures
  The ghost of cavalnite the Cleaver, a novice MiBe of Trog (D:8)
  2 two-headed ogres (D:8)
  2 oklob plants (D:11)
  A deep elf mage (Elf:1)
  A cyclops (Orc:1)
  2 centaur skeletons
  3 trolls
  A hornet (D:7)
  Sigmund (D:2)
  12 yaks
  Menkaure (D:4)
  A warg (Orc:1)
  17 orc warriors
  A sky beast (D:6)
  An ice beast (D:10)
  2 black bears
  9 ogres
  2 phantoms
  3 centaurs
  2 big kobolds (D:11)
  2 bullfrogs
  Blork the orc (D:6)
  A wyvern zombie (D:11)
  3 scorpions
  6 killer bees (D:10)
  4 wights (D:7)
  A howler monkey (D:5)
  A centaur zombie (D:8)
  3 bullfrog zombies
  Crazy Yiuf (D:5)
  6 quasits
  5 hounds
  3 jellies
  15 orc priests
  2 iguanas
  30 orc wizards
  6 worker ants
  A killer bee zombie (D:9)
  2 hound skeletons
  Robin (D:2)
  A howler monkey skeleton (D:8)
  9 adders
  A shadow imp (D:8)
  A white imp (D:7)
  An ufetubus (D:5)
  An ooze (D:6)
  3 adder zombies
  A worm (D:6)
  An adder skeleton (D:9)
  2 dart slugs (D:2)
  5 leopard geckos
  77 orcs
  9 bats
  6 giant cockroaches
  12 goblins
  9 hobgoblins
  5 jackals
  12 kobolds
  3 quokkas
  3 ball pythons
  8 frilled lizards
  2 quokka zombies (D:8)
  2 rats (D:2)
333 creatures vanquished.

Vanquished Creatures (others)
  12 plants (D:11)
12 creatures vanquished.

Grand Total: 345 creatures vanquished

Notes
Turn   | Place    | Note
-------+----------+-------------------------------------------
     0 | D:1      | dohliylev the Minotaur Berserker began the quest for the
                  | Orb.
     0 | D:1      | Reached XP level 1. HP: 19/19 MP: 0/0
   240 | D:1      | Reached skill level 4 in Axes
   240 | D:1      | Reached XP level 2. HP: 27/27 MP: 1/1
  1117 | D:2      | Reached ** piety under Trog
  1118 | D:2      | Reached XP level 3. HP: 29/33 MP: 2/2
  1279 | D:2      | Noticed Sigmund
  1299 | D:2      | Killed Sigmund
  1300 | D:2      | Reached skill level 5 in Fighting
  1300 | D:2      | Reached skill level 5 in Axes
  1300 | D:2      | Reached XP level 4. HP: 40/42 MP: 3/3
  1300 | D:2      | Reached XP level 5. HP: 46/48 MP: 4/4
  1443 | D:2      | Noticed Robin
  1461 | D:2      | Killed Robin
  1555 | D:3      | Reached skill level 6 in Axes
  1556 | D:3      | Reached XP level 6. HP: 56/56 MP: 5/5
  1671 | D:3      | Reached *** piety under Trog
  2057 | D:4      | Noticed Menkaure
  2068 | D:4      | Killed Menkaure
  2069 | D:4      | Reached skill level 7 in Axes
  2069 | D:4      | Reached XP level 7. HP: 53/62 MP: 6/6
  2074 | D:4      | Reached skill level 5 in Armour
  2347 | D:4      | Found a stormy altar of Qazlal.
  2439 | D:4      | Reached skill level 8 in Axes
  2441 | D:4      | Reached **** piety under Trog
  2682 | D:5      | Entered Level 5 of the Dungeon
  2767 | D:5      | Found an ancient bone altar of Kikubaaqudgha.
  2767 | D:5      | Found an opulent altar of Gozag.
  2768 | D:5      | Found a burning altar of Makhleb.
  2859 | D:5      | Reached skill level 9 in Axes
  2859 | D:5      | Reached XP level 8. HP: 62/71 MP: 7/7
  3108 | D:5      | Found a runed translucent door.
  3109 | D:5      | Noticed Crazy Yiuf
  3746 | D:5      | Killed Crazy Yiuf
  3866 | D:6      | Reached skill level 10 in Axes
  3897 | D:6      | Noticed Blork the orc
  3908 | D:6      | Killed Blork the orc
  4189 | D:6      | Found Wodiu's Weapon Shoppe.
  4260 | D:6      | Found a staircase to the Ecumenical Temple.
  4295 | D:6      | Got an ancient golden amulet
  4379 | D:6      | Found a glowing drain.
  4392 | D:6      | Identified the amulet of Pirol {+Blink rF+ Regen+} (You
                  | found it on level 6 of the Dungeon)
  4725 | D:7      | Reached skill level 11 in Axes
  4725 | D:7      | Reached XP level 9. HP: 79/79 MP: 8/8
  4877 | D:7      | Reached ***** piety under Trog
  4982 | D:7      | Received a gift from Trog
  5043 | D:7      | Reached skill level 12 in Axes
  5406 | D:8      | Found a transporter.
  5408 | D:8      | Noticed a two-headed ogre
  5410 | D:8      | Noticed cavalnite's ghost (novice MiBe)
  5418 | D:8      | Killed a two-headed ogre
  5419 | D:8      | Reached skill level 13 in Axes
  5493 | D:8      | Reached XP level 10. HP: 86/90 MP: 4/9
  5544 | D:8      | Found a snail-covered altar of Cheibriados.
  5555 | D:8      | Found a transporter.
  5620 | D:8      | Found a hazy altar of Hepliaklqana.
  5681 | D:8      | Noticed a two-headed ogre
  5691 | D:8      | Killed a two-headed ogre
  5979 | D:8      | Got a steaming short sword
  5980 | D:8      | Identified the +3 short sword of Fitzij {pain, rF+ Str+2}
                  | (You found it on level 8 of the Dungeon)
  6065 | D:8      | Killed cavalnite's ghost
  6066 | D:8      | Reached skill level 14 in Axes
  6255 | D:9      | Found Zuvu's Book Boutique.
  6333 | D:9      | Found a sparkling altar of Nemelex Xobeh.
  6584 | D:10     | Entered Level 10 of the Dungeon
  7248 | D:10     | Found a burning altar of Makhleb.
  7701 | D:11     | Reached XP level 11. HP: 99/99 MP: 10/10
  7753 | D:11     | Found a broken altar of Ashenzari.
  7832 | D:11     | Found a staircase to the Orcish Mines.
  7856 | D:11     | Reached skill level 10 in Fighting
  7873 | D:11     | Received a gift from Trog
  7886 | D:11     | Reached skill level 15 in Axes
  8280 | D:11     | Noticed an oklob plant
  8283 | D:11     | Found a staircase to the Lair.
  8283 | D:11     | Noticed an oklob plant
  8292 | D:11     | Killed an oklob plant
  8293 | D:11     | Reached skill level 10 in Armour
  8293 | D:11     | Reached skill level 1 in Shields
  8334 | D:11     | Killed an oklob plant
  8402 | D:11     | Found Edifygro's Gadget Emporium.
  8721 | Orc:1    | Entered Level 1 of the Orcish Mines
  8857 | Orc:1    | Found a transporter.
  9061 | Orc:1    | Found Teomumpo's Distillery.
  9196 | Orc:1    | Noticed an ettin
  9365 | Orc:2    | Entered Level 2 of the Orcish Mines
  9365 | Orc:2    | Noticed an orc sorcerer
  9370 | Orc:2    | Found Ceshrot's Book Shop.
  9486 | Orc:2    | Noticed Sonja
  9491 | Orc:2    | Found a staircase to the Elven Halls.
  9500 | Elf:1    | Entered Level 1 of the Elven Halls
  9500 | Elf:1    | Noticed a deep elf mage
  9502 | Elf:1    | HP: 2/102 [orc warrior/+0 long sword (14)]
  9505 | Elf:1    | Noticed a deep elf mage
  9510 | Elf:1    | Noticed a deep elf archer
  9511 | Elf:1    | Killed a deep elf mage
  9513 | Elf:1    | Noticed a +1 war axe of flaming
  9527 | Orc:2    | Slain by Sonja

Illustrated notes

Levels and vault maps discovered:
D:1:      wheals_arrival_linesprint, layout_basic, grunt_decor_clamped,
          palyth_stone_intersect, minmay_ruptured
D:2:      layout_rooms, st_stairs_8, uniq_robin, uniq_sigmund
D:3:      layout_basic, grunt_temple_overflow_holy_war, uniq_terence
D:4:      layout_rooms, kennysheep_mini, uniq_menkaure
D:5:      layout_loops_ring, chequers_temple_overflow_statue_of_worship,
          minmay_tree_intersection, uniq_crazy_yiuf_cottage
D:6:      layout_cave_pools, minmay_temple_entry_offerings,
          cheibrodos_sewer_entry_bend, serial_shops,
          nicolae_shop_temple_entry_statues_fountains, uniq_blork_the_orc
D:7:      layout_loops_ring
D:8:      layout_cave_pools, nicolae_overflow_hidden_temple,
          gammafunk_ghost_stat_death
D:9:      layout_rooms, basic_altar, serial_shops, nicolae_shop_trees
D:10:     layout_layer_cave, basic_altar
D:11:     layout_cave_pods, dpeg_oklobed_lair, serial_shops, shop_statue,
          basic_altar, blue_anna_alchemist [blue_anna_fruit_fields,
          blue_anna_fruit_fields]
Orc:1:    emtedronai_trogs_sanctum, layout_caves, serial_shops,
          nicolae_shop_stone
Orc:2:    st_orc_congregation, layout_caves, nicolae_volcano_entry_s_turn,
          serial_shops, nicolae_shop_crystal, uniq_sonja
Elf:1:    layout_gridlike, minmay_elf_demonology

Skill      XL: |  1  2  3  4  5  6  7  8  9 10 11 |
---------------+----------------------------------+-----
Axes           | 4 5 6 7 9 11 13 14 15 | 15.8
Fighting       | 4 5 6 7 8 9 11 | 11.1
Armour         | 3 4 5 6 7 9 10 | 10.8
Dodging        | 3 |  3.8
Shields        | 2 |  2.9

Action                   |  1- 3 |  4- 6 |  7- 9 | 10-12 || total
-------------------------+-------+-------+-------+-------++-------
Melee: Hand axe          |    66 |    38 |   161 |   377 ||   642
       Headbutt          |    12 |    17 |    57 |    70 ||   156
       War axe           |       |    67 |    71 |       ||   138
       Broad axe         |       |       |    36 |       ||    36
Invok: Berserk           |     1 |     2 |     9 |    13 ||    25
       Trog's Hand       |     1 |       |     1 |     4 ||     6
  Use: Scroll            |       |       |       |    17 ||    17
       Potion            |       |       |       |     3 ||     3
Armor: Leather armour    |     5 |       |       |       ||     5
       Ring mail         |     1 |       |       |       ||     1
       Plate armour      |    41 |    73 |   128 |   211 ||   453
Dodge: Dodged            |    30 |    52 |   114 |   241 ||   437
Block: Buckler           |       |       |       |    52 ||    52
